 Dungeon Crawl Stone Soup version 0.30-a0-862-g1aabd4f9c5 (webtiles) character file.

Game seed: 4866539293219374893

550 Jannitor the Trooper (level 7, -19/52 HPs)
             Began as a Djinni Chaos Knight on Mar 7, 2023.
             Was a Plaything of Xom.
             Killed from afar by an acid dragon (32 damage)
             ... with a splash of acid
             ... on level 5 of the Dungeon on Mar 9, 2023.
             The game lasted 00:06:46 (4689 turns).

Jannitor the Trooper (Djinni Chaos Knight)          Turns: 4689, Time: 00:06:47

Health: -19/52     AC:  4    Str:  8    XL:     7   Next: 54%
Gold:   368        EV: 13    Int: 14    God:    Xom [..*...] SH:  0 Dex: 17

rFire   + . .      SeeInvis +    a - +0 short sword (vamp)
rCold   . . .      Faith    .    (no shield)
rNeg    . . .      Spirit   .    b - +3 leather armour
rPois   ∞          Reflect  .    (helmet restricted)
rElec   .          Rampage  .    k - +1 cloak of Courage {Harm SInv}
rCorr   .          Harm     + .  (no gloves)
Will    .....      Rage     3%   (boots unavailable)
Stlth   ++                       (no amulet)
HPRegen 0.28/turn                m - ring of ice
MPRegen 0.00/turn                o - +4 ring of slaying

@: corroded, flying, hasted, very quick
A: sickness immunity, fire resistance 2, cold vulnerability 1, float, innate
caster, HP casting, extra vitality 1, horns 1, agile 1, berserk 1, weak 1
a: Renounce Religion


You were on level 5 of the Dungeon.
You worshipped Xom.
You were a toy of Xom.
You visited 1 branch of the dungeon, and saw 5 of its levels.

You collected 368 gold pieces.

Inventory:

Hand Weapons
 a - a +0 vampiric short sword (weapon)
Armour
 b - a +3 leather armour (worn)
 k - the +1 cloak of Courage (worn) {Harm SInv}
   (Xom gifted it to you on level 2 of the Dungeon)

   SInv:      It lets you see invisible.
   Harm:      It increases damage dealt and taken.
Jewellery
 m - a ring of ice (left hand)
 n - a +6 ring of intelligence
 o - a +4 ring of slaying (right hand)
 q - a ring of wizardry
 x - a +6 ring of intelligence
Wands
 u - a wand of roots (10)
Scrolls
 e - 5 scrolls of teleportation
 g - a scroll of immolation
 i - a scroll of fog
 j - 2 scrolls of identify
 s - a scroll of poison
 t - a scroll of enchant armour
Potions
 f - 2 potions of brilliance {unknown}
 h - 2 potions of degeneration {unknown}
 l - a potion of lignification {unknown}
 r - 2 potions of berserk rage {unknown}
 v - a potion of invisibility {unknown}
 w - a potion of cancellation {unknown}
Miscellaneous
 c - a piece from Xom's chessboard (15/15) (quivered)


   Skills:
 + Level 4.2 Fighting
 + Level 3.9 Short Blades
 + Level 2.9 Armour
 + Level 3.9 Dodging
 + Level 2.6 Stealth
 + Level 2.0 Spellcasting


You knew the following spells:

 Your Spells              Type           Power      Damage    Failure   Level
a - Sting                 Tmut/Pois      28%        1d4       14%         1
b - Passwall              Tmut/Erth      5%         N/A       22%         2
c - Ozocubu's Armour      Ice            10%        N/A       41%         3
Your spell library was empty.

Dungeon Overview and Level Annotations

Branches:
Dungeon (5/15)
 Temple: D:4-7

Altars:
Cheibriados
Dithmenos


Innate Abilities, Weirdness & Mutations

You are immune to sickness and miasma.
You are immune to poison.
Your flesh is very heat resistant. (rF++)
You are vulnerable to cold. (rC-)
You float through the air rather than walking.
You learn spells naturally, not from books.
Your magical power is your life essence.
You have superior vitality. (+4 MHP)
You have a pair of small horns on your head.
You are agile. (Dex +4, Str/Int -1)
You sometimes lose your temper in combat.
You are weak. (Str -2)


Message History

The acid dragon spits acid at you. The splash of acid hits you!!
Ouch! That really hurt!
A shower of butterflies erupts from you!
The acid corrodes you!
You feel much better. The acid dragon bites you.
The acid dragon closely misses you.
You feel yourself speed up. The acid dragon bites you!
The acid dragon completely misses you.
Aiming: Fastroot
Press: ? - help, Shift-Dir - straight line The roots erupt in riotous growth!
Your butterfly is unaffected.
Roots grab the acid dragon.
Your butterfly is unaffected.
The grasping roots constrict the acid dragon.
The acid dragon bites you! The acid dragon claws you.
Unknown command.
You hit the acid dragon.
You feel better.
You headbutt the acid dragon, but do no damage.
The acid dragon is moderately wounded.
The grasping roots constrict the acid dragon.
Unknown command.
You hit the acid dragon but do no damage.
The acid dragon is heavily wounded.
The grasping roots constrict the acid dragon.
The roots release their grip on the acid dragon.
The acid dragon bites you!
* * * LOW HITPOINT WARNING * * *
The acid dragon closely misses you.
You hit the acid dragon.
You feel better.
The acid dragon is severely wounded.
Unknown command.
You hit the acid dragon but do no damage.
The acid dragon is severely wounded.
The acid dragon spits acid at you. The splash of acid hits you!!
Ouch! That really hurt!
You die...
Xom laughs nastily!

#.......................
#....###.######.###.†...
#....# #.### #.# #.....
#....###...####.# #...[.
######..........# #....#
#.###.###### #....# #.
#.# #....# ##.###.##
#....# #.D@....# #....#
#....[..#..# ######
......bb..##..#
.....b..[.# #.#
....b.....# [#
.....b....# #
#####.....# #.....#


You could see an acid dragon (catching breath, ally target).

Vanquished Creatures
  Grinder (D:3)
  A hound (D:5)
  A gnoll bouda (D:5)
  2 orc wizards (D:4)
  Natasha (twice) (D:2)
  4 gnolls (D:5)
  5 adders
  A white imp (D:5)
  An ufetubus (D:4)
  6 worms
  2 dart slugs (D:1)
  6 orcs
  4 ball pythons
  10 endoplasms
  4 giant cockroaches
  4 goblins
  7 hobgoblins
  7 jackals
  4 quokkas (D:1)
  4 bats
  7 frilled lizards
  5 kobolds
  5 rats
93 creatures vanquished.

Notes
Turn   | Place    | Note
-------+----------+-------------------------------------------
     0 | D:1      | Jannitor the Djinni Chaos Knight began the quest for the
                  | Orb.
     0 | D:1      | Reached XP level 1. HP: 20/20 MP: 0/0
    67 | D:1      | Reached XP level 2. HP: 25/25 MP: 0/0
   188 | D:1      | XOM: silly message
   409 | D:1      | XOM: divination: magic mapping
   486 | D:1      | XOM: torment (14/25 hp)
   526 | D:1      | XOM: give mutations
   526 | D:1      | Gained mutation: Your muscles are strong. (Str +4, Int/Dex
                  | -1) [Xom's grace]
   526 | D:1      | Gained mutation: You are agile. (Dex +4, Str/Int -1) [Xom's
                  | grace]
   546 | D:1      | Reached XP level 3. HP: 29/30 MP: 0/0
   546 | D:1      | Learned a level 1 spell: Sting
   843 | D:1      | XOM: give mutations
   843 | D:1      | Gained mutation: You sometimes lose your temper in combat.
                  | [Xom's mischief]
   843 | D:1      | Lost mutation: Your muscles are strong. (Str +4, Int/Dex
                  | -1) [Xom's mischief]
   843 | D:1      | Gained mutation: You have a pair of small horns on your
                  | head. [Xom's mischief]
   976 | D:1      | Reached skill level 1 in Stealth
  1180 | D:2      | Noticed Natasha
  1181 | D:2      | XOM: 3-stop teleportation journey
  1519 | D:2      | Reached XP level 4. HP: 35/35 MP: 0/0
  1838 | D:2      | Identified the +1 cloak of Courage {Harm SInv} (Xom gifted
                  | it to you on level 2 of the Dungeon)
  1838 | D:2      | XOM: god gift: +1 cloak of Courage {Harm SInv}
  1840 | D:2      | XOM: enchant monster (bad)
  1842 | D:2      | Killed Natasha
  1858 | D:2      | XOM: give mutation
  1858 | D:2      | Gained mutation: You are weak. (Str -2) [Xom's mischief]
  1964 | D:2      | Reached skill level 1 in Spellcasting
  2046 | D:2      | Reached XP level 5. HP: 40/40 MP: 0/0
  2046 | D:2      | Learned a level 2 spell: Passwall
  2091 | D:2      | Noticed Natasha
  2094 | D:2      | XOM: swap monsters
  2108 | D:2      | XOM: silly message
  2110 | D:2      | Killed Natasha
  2285 | D:3      | Upgraded the game from 0.30-a0-860-g512cf1e979 to
                  | 0.30-a0-862-g1aabd4f9c5
  2378 | D:3      | Found a shadowy altar of Dithmenos.
  2461 | D:3      | XOM: 8-stop teleportation journey
  2707 | D:3      | XOM: noise
  2792 | D:3      | Noticed Grinder
  2854 | D:3      | Paralysed by Grinder for 5 turns
  2860 | D:3      | XOM: divination: detect items
  2863 | D:3      | XOM: cast spell 'Leda's Liquefaction'
  2867 | D:3      | Paralysed by Grinder for 4 turns
  2873 | D:3      | XOM: cast spell 'Cause Fear'
  2876 | D:3      | Paralysed by Grinder for 2 turns
  2878 | D:3      | XOM: confuse monster(s)
  2881 | D:3      | Killed Grinder
  2882 | D:3      | Reached XP level 6. HP: 32/47 MP: 0/0
  3097 | D:4      | Reached skill level 4 in Fighting
  3158 | D:4      | XOM: divination: magic mapping
  3246 | D:4      | Noticed an ogre
  3307 | D:4      | Reached XP level 7. HP: 35/52 MP: 0/0
  3307 | D:4      | Learned a level 3 spell: Ozocubu's Armour
  3933 | D:4      | Found a snail-covered altar of Cheibriados.
  3972 | D:5      | Entered Level 5 of the Dungeon
  4031 | D:5      | XOM: divination: magic mapping
  4676 | D:5      | Noticed an acid dragon
  4682 | D:5      | XOM: butterfly on damage
  4689 | D:5      | Killed from afar by an acid dragon

Illustrated notes

Levels and vault maps discovered:
D:1:      giann_horns, layout_basic
D:2:      minmay_razor_zed, layout_basic, uniq_natasha
D:3:      layout_basic, grunt_dithmenos_smoke, minmay_misc_feat_roman,
          uniq_grinder
D:4:      layout_gridville, kennysheep_mini, old_standard_altar,
          minmay_liquid_box
D:5:      layout_basic, minivault_5, uniq_prince_ribbit1

Skill      XL: |  1  2  3  4  5  6  7 |
---------------+----------------------+-----
Stealth        | 1 2 |  2.6
Short Blades   | 3 |  3.9
Spellcasting   | 1 2 |  2.0
Dodging        | 3 |  3.9
Armour         | 2 |  2.9
Fighting       | 4 |  4.2

Action                     |  1- 3 |  4- 6 |  7- 9 || total
---------------------------+-------+-------+-------++-------
  Melee: Short sword       |    91 |   127 |    47 ||   265
         Headbutt          |     5 |    30 |    13 ||    48
         Punch             |       |     1 |       ||     1
   Cast: Sting             |    11 |    13 |    28 ||    52
         Passwall          |       |     1 |       ||     1
  Evoke: Wand              |       |       |     1 ||     1
    Use: Potion            |       |     3 |     2 ||     5
         Scroll            |       |     2 |     5 ||     7
   Stab: Sleeping          |     1 |     4 |     1 ||     6
         Petrifying        |     1 |       |       ||     1
         Paralysed         |     1 |       |       ||     1
         Distracted        |       |     1 |       ||     1
 Armour: Leather armour    |    27 |    35 |    10 ||    72
  Dodge: Dodged            |    46 |    79 |    31 ||   156

Table legend: (Time is in decaauts)
 A = Elapsed time spent in this place.
 B = Non-inter-level travel time spent in this place.
 C = Inter-level travel time spent in this place.
 D = Time resting spent in this place.
 E = Time spent auto-exploring this place.
 F = Levels seen in this place.
 G = Mean time per level.
                   A        B        C        D        E       F      G
               +--------+--------+--------+--------+--------+-----+--------+
         Total |   4680 |   4505 |    175 |    370 |   3367 |   5 |  936.0 |
       Dungeon |   4680 |   4505 |    175 |    370 |   3367 |   5 |  936.0 |
               +--------+--------+--------+--------+--------+-----+--------+

Top non-repeatable levels by time:
     D:1: 1138 daAuts
     D:2: 1065 daAuts
     D:4: 1061 daAuts
     D:3: 786 daAuts
     D:5: 627 daAuts
